[ AOE2 MATCH · #462830318 ]
UnrankedTeutons vs None
Rival team · WIN
[ REPLAY ANALYSIS · EXTRACTED FROM THE RECORDED GAME ]
Feudal
12:35
Castle
—
Imperial
—
| APM avg | 11.6 |
| APM peak | 23 |
| eAPM avg | 6.2 |
| Villagers / military | 18 / 0 |
Focus
⚔️ 8.0% · 🌾 92.0%
Feudal
9:40
Castle
13:21
Imperial
—
| APM avg | 70.7 |
| APM peak | 131 |
| eAPM avg | 19.7 |
| Villagers / military | 28 / 0 |
Focus
⚔️ 45.9% · 🌾 54.1%
Match map
Initial resources + every placement click. Lines = walls · curves = elevation contours. ◆ gold · ⬟ stone · ● berries · ✦ relic · ◌ wall gap
Inputs per minute
— passatempo cremoso - - やばたん
Build order — passatempo cremoso
35 actions detected in the replay
| 0:03 | Build | House |
| 0:04 | Create | Villager (Male) |
| 0:04 | Create | Villager (Male) |
| 0:04 | Create | Villager (Male) |
| 0:06 | Build | House |
| 1:10 | Create | Villager (Male) |
| 1:31 | Research | Loom |
| 3:00 | Create | Villager (Male) |
| 3:00 | Create | Villager (Male) |
| 3:45 | Build | Mill |
| 4:43 | Create | Villager (Male) |
| 4:45 | Create | Villager (Male) |
| 5:46 | Create | Villager (Male) |
| 5:48 | Create | Villager (Male) |
| 7:29 | Build | Barracks |
| 8:02 | Create | Villager (Male) |
| 9:36 | Create | Villager (Male) |
| 10:25 | Research | Feudal Age |
| 11:36 | Create | Villager (Male) |
| 11:37 | Create | Villager (Male) |
| 11:38 | Create | Villager (Male) |
| 12:33 | Build | Lumber Camp |
| 12:35 | Age | Feudal Age |
| 12:41 | Build | House |
| 12:50 | Create | Villager (Male) |
| 12:56 | Research | Wheelbarrow |
| 13:04 | Build | Farm |
| 13:13 | Build | Farm |
| 13:14 | Build | Farm |
| 13:32 | Build | Farm |
| 13:35 | Build | Farm |
| 13:50 | Build | Mining Camp |
| 14:03 | Build | Mining Camp |
| 15:07 | Create | Villager (Male) |
| 15:08 | Create | Villager (Male) |
Build order — やばたん
51 actions detected in the replay
| 0:00 | Create | Villager (Male) |
| 0:00 | Create | Villager (Male) |
| 0:00 | Create | Villager (Male) |
| 0:01 | Create | Villager (Male) |
| 0:01 | Build | House |
| 0:02 | Build | House |
| 1:17 | Create | Villager (Male) |
| 1:46 | Create | Villager (Male) |
| 2:16 | Create | Villager (Male) |
| 2:36 | Create | Villager (Male) |
| 2:58 | Create | Villager (Male) |
| 3:33 | Create | Villager (Male) |
| 3:47 | Create | Villager (Male) |
| 4:09 | Build | House |
| 4:12 | Create | Villager (Male) |
| 4:12 | Create | Villager (Male) |
| 4:34 | Create | Villager (Male) |
| 4:41 | Build | Lumber Camp |
| 4:47 | Create | Villager (Male) |
| 4:47 | Create | Villager (Male) |
| 5:28 | Create | Villager (Male) |
| 5:44 | Research | Loom |
| 5:47 | Create | Villager (Male) |
| 6:05 | Create | Villager (Male) |
| 6:09 | Build | Mill |
| 6:25 | Build | House |
| 6:30 | Research | Loom |
| 6:57 | Create | Villager (Male) |
| 7:27 | Research | Feudal Age |
| 8:30 | Create | Villager (Male) |
| 8:35 | Create | Villager (Male) |
| 9:40 | Age | Feudal Age |
| 9:46 | Build | Market |
| 9:49 | Build | Blacksmith |
| 10:26 | Build | Mining Camp |
| 10:41 | Research | Castle Age |
| 10:41 | Research | Castle Age |
| 10:47 | Build | House |
| 11:08 | Build | Building 804 |
| 11:10 | Build | Palisade Wall |
| 11:11 | Build | Palisade Wall |
| 12:38 | Research | Double-Bit Axe |
| 12:46 | Create | Villager (Male) |
| 12:49 | Create | Villager (Male) |
| 13:21 | Age | Castle Age |
| 13:50 | Build | House |
| 13:57 | Create | Villager (Male) |
| 14:26 | Create | Villager (Male) |
| 14:32 | Build | Castle |
| 14:52 | Create | Villager (Male) |
| 15:24 | Create | Villager (Male) |
Match timeline
| 7:29 | passatempo cremoso · first_building Barracks |
| 9:40 | やばたん · age_up feudal |
| 10:36 | やばたん · first_market_sell 100 stone |
| 11:10 | やばたん · wall_segment Palisade Wall x1 |
| 11:11 | やばたん · wall_segment Palisade Wall x1 |
| 12:35 | passatempo cremoso · age_up feudal |
| 12:57 | やばたん · first_market_buy 100 stone |
| 13:21 | やばたん · age_up castle |
| 14:32 | やばたん · first_building Castle |
| 15:33 | passatempo cremoso · resign |
[ AI ANALYSIS · 1 CREDIT ]
What really happened in this match?
Wolo.gg analyzes every decision: build order, eco, micro, common mistakes by bracket. Personalized analysis on WhatsApp or Discord in 30 seconds.
Civ guide
Teutons
Perfil
Jugador #24570600